Login

Hershey Bears vs Lehigh Valley Phantoms

Created - 05 April 2024 at 23:13

Goals
1 2 3 T
Hershey Bears 0 4 0 4
Lehigh Valley Phantoms 0 2 1 3
Shots
1 2 3 T
Hershey Bears 7 22 5 34
Lehigh Valley Phantoms 5 16 16 37

GoalsPenalties
1st period
No Goal
No Penalty
2nd period
1. Lehigh Valley Phantoms , Rhett Gardner 5 (Olle Lycksell 10, Elliot Desnoyers 9) at 1:53
2. Hershey Bears , Connor McMichael 5 (Alex Limoges 7, Dylan McIlrath 8) at 6:50
3. Hershey Bears , CJ Suess 3 (Henrik Borgstrom 6, Vincent Iorio 7) at 7:47
4. Hershey Bears , Dylan McIlrath 1 (Connor McMichael 9, Vincent Iorio 8) at 15:18 (PP)
5. Lehigh Valley Phantoms , Tyson Foerster 12 (Ronnie Attard 6) at 19:12 (PP)
6. Hershey Bears , Joe Snively 9 (Matthew Phillips 8) at 19:47
Malte Stromwall (LEH) for Holding (Minor) at 11:59
Max Comtois (LEH) for Slashing (Minor) at 14:45
Kristians Rubins (HER) for Hooking (Minor) at 19:00
3rd period
7. Lehigh Valley Phantoms , Cooper Marody 3 (Adam Brooks 1, Rhett Gardner 5) at 1:45
No Penalty
Goalie Stats
Jon Gillies (HER), 34 saves from 37 shots - (0.919), W, 5-2-0, 60:00 minutes
Felix Sandstrom (LEH), 30 saves from 34 shots - (0.882), L, 2-4-2, 59:16 minutes
3 StarsOfficial
1 - Dylan McIlrath (HER)
2 - Connor McMichael (HER)
3 - Rhett Gardner (LEH)
Referees : Kelly Sutherland and Kyle Rehman
Linesman : Kory Nagy and Jaime Alary
Game Note
Tanner Laczynski is injured at 7:27 of 1st period (Bruised Left Arm)
Finance
Level 1 -- Attendance: 1843 (92.15%) -- Ticket Income $64,505
Level 2 -- Attendance: 1000 (100.00%) -- Ticket Income $15,000
Total Attendance: 2843 (94.77%)
Total Ticket Income: $79,505
Other Income: $38,957
Total Income: $118,462



Team Name Goals Shots Shots Attemp Shots Blocked PIM HIT PP PK FO%
Hershey Bears 43474142151 / 2 (50%)158%
Lehigh Valley Phantoms 33781174281 / 1 (100%)142%

Hershey Bears
Player Name POS G A P +/- PIM HIT SHT SB MP PP MP PP SHT PK MP PK SHT FO% FOT GA TA
Adam CracknellLW0000010318:461:2400:00050% 202
Alex LimogesLW0111043017:321:0800:0000% 000
Chase PriskieD0001000116:460:0000:0000% 000
CJ SuessLW1010024314:580:0000:0000% 020
Connor McMichaelC1121014017:261:0800:00073% 1500
Dylan McIlrathD1122034025:301:4820:1200% 002
Ethen FrankRW0001001117:251:0800:0000% 100
Evan PoleiLW000000007:540:0000:0000% 000
Hendrix LapierreC000000002:230:0000:0000% 000
Henrik BorgstromC0110003116:150:0000:00040% 1002
Ivan ChukarovD0001000016:460:0000:0000% 000
Joe SnivelyC1010028124:061:2400:12064% 2812
Kristians RubinsD000-2200017:430:4400:0000% 000
Lucas JohansenD000-2000317:440:4400:0000% 003
Matthew PhillipsRW0110023018:521:2400:1200% 120
Michael SgarbossaC000000107:570:0000:00033% 301
Pierrick DubeRW0000003116:140:0000:0000% 000
Vincent IorioD0222000025:301:4800:1200% 014
Lehigh Valley Phantoms
Player Name POS G A P +/- PIM HIT SHT SB MP PP MP PP SHT PK MP PK SHT FO% FOT GA TA
Adam BrooksC0111000113:030:0001:36050% 201
Adam GinningD000-1042226:110:1201:4900% 011
Austin RueschhoffLW000003019:450:0000:0000% 101
Bobby BrinkC0001011013:300:0000:15060% 530
Cooper MarodyRW1010014116:160:0000:440100% 110
Elliot DesnoyersLW0110026218:070:0001:0310% 021
Helge GransD0000000119:000:0000:4300% 000
Jeremy GroleauD0000002217:000:0001:4900% 000
Malte StromwallRW000-1210121:050:1200:00036% 2510
Max ComtoisLW000-2273120:290:1201:0600% 210
Olle LycksellRW0110008116:590:0000:0000% 031
Rhett GardnerC1120031016:550:0000:00067% 1200
Ronnie AttardD011-1000324:450:1200:0000% 021
Tanner LaczynskiC000000001:050:0000:00067% 300
Timur IbragimovLW0000000010:530:0000:20013% 800
Tyson FoersterRW101-2037019:190:1210:0000% 120
Victor MeteD0000032118:400:0000:4300% 000
Will ZmolekD0000001014:240:0000:0000% 000

Hershey Bears

5 vs 5 Forward
Line #Left WingCenterRight WingPHYDFOFWanted %Time %Time Play
1Adam CracknellJoe SnivelyMatthew Phillips1223028%15:55
2Alex LimogesConnor McMichaelEthen Frank1223033%18:30
3CJ SuessHenrik BorgstromPierrick Dube1223027%14:58
4Evan PoleiMichael SgarbossaJoe Snively1221012%6:53
5 vs 5 Defense
Line #DefenseDefensePHYDFOFWanted %Time %Time Play
1Dylan McIlrathVincent Iorio1224039%21:46
2Lucas JohansenKristians Rubins1223030%17:00
3Chase PriskieIvan Chukarov1223030%16:46
4Dylan McIlrathVincent Iorio12201%0:44
Power Play Forward
Line #Left WingCenterRight WingPHYDFOFWanted %Time %Time Play
1Adam CracknellJoe SnivelyMatthew Phillips1226055%1:24
2Alex LimogesConnor McMichaelEthen Frank1224045%1:08
Power Play Defense
Line #DefenseDefensePHYDFOFWanted %Time %Time Play
1Dylan McIlrathVincent Iorio1226071%1:48
2Lucas JohansenKristians Rubins1224029%0:44
Penalty Kill 4 Players Forward
Line #CenterWingPHYDFOFWanted %Time %Time Play
1Joe SnivelyMatthew Phillips12260100%0:12
2Connor McMichaelAdam Cracknell122400%0:00
Penalty Kill 4 Players Defense
Line #DefenseDefensePHYDFOFWanted %Time %Time Play
1Dylan McIlrathVincent Iorio12260100%0:12
2Lucas JohansenKristians Rubins122400%0:00
Penalty Kill 3 Players
Line #WingPHYDFOFWanted %Time %Time PlayDefenseDefensePHYDFOFWanted %Time %Time Play
1Joe Snively122600%0:00 Dylan McIlrathVincent Iorio122600%0:00
2Matthew Phillips122400%0:00 Lucas JohansenKristians Rubins122400%0:00
4 vs 4 Forward
Line #CenterWingPHYDFOFWanted %Time %Time Play
1Joe SnivelyMatthew Phillips122600%0:00
2Connor McMichaelAdam Cracknell122400%0:00
4 vs 4 Defense
Line #DefensePHYDFOFWanted %Time %Time Play
1Dylan McIlrathVincent Iorio122600%0:00
2Lucas JohansenKristians Rubins122400%0:00
Last Minutes Offensive
Left WingCenterRight WingDefenseDefense
Adam CracknellJoe SnivelyMatthew PhillipsDylan McIlrathVincent Iorio
Last Minutes Defensive
Left WingCenterRight WingDefenseDefense
Adam CracknellJoe SnivelyMatthew PhillipsDylan McIlrathVincent Iorio
Time
Total ForwardTotal DefenseLast Minutes OffensiveLast Minutes Defensive
60:00 60:00 0:001:00
Extra Forwards
Normal PowerPlayPenalty Kill
Hendrix Lapierre, Henrik Borgstrom, Michael SgarbossaHendrix Lapierre, Henrik BorgstromMichael Sgarbossa
Extra Defensemen
Normal PowerPlayPenalty Kill
Chase Priskie, Ivan Chukarov, Lucas JohansenChase Priskie, Ivan ChukarovLucas Johansen
Penalty Shots
Joe Snively, Matthew Phillips, Connor McMichael, Adam Cracknell, Henrik Borgstrom
Goalie
Jon Gillies, Hunter Shepard
Custom OT Lines Forwards
Joe Snively, Matthew Phillips, Connor McMichael, Adam Cracknell, Henrik Borgstrom, Alex Limoges, Michael Sgarbossa, CJ Suess, Ethen Frank, Evan Polei
Custom OT Lines Defensemen
Dylan McIlrath, Vincent Iorio, Lucas Johansen, Kristians Rubins, Chase Priskie
Scratches
Billy Constantinou (Healthy), Pavel Gogolev (Healthy), Patrick Khodorenko (Healthy), Justin Nachbaur (Healthy), Henrik Rybinski (Healthy) Zach Senyshyn (Healthy), Riley Sutter (Healthy), Bogdan Trineyev (Healthy), Kirill Tyutyayev (Healthy), Daniil Zhuravlyov (Healthy) Clay Stevenson (Healthy)

Lehigh Valley Phantoms

5 vs 5 Forward
Line #Left WingCenterRight WingPHYDFOFWanted %Time %Time Play
1Max ComtoisTanner LaczynskiTyson Foerster1223431%17:38
2Elliot DesnoyersRhett GardnerOlle Lycksell1223034%19:02
3Austin RueschhoffTimur IbragimovMalte Stromwall1222017%9:25
4Adam BrooksBobby BrinkCooper Marody1221618%10:07
5 vs 5 Defense
Line #DefenseDefensePHYDFOFWanted %Time %Time Play
1Ronnie AttardAdam Ginning1224037%20:34
2Victor MeteHelge Grans1223533%18:25
3Jeremy GroleauWill Zmolek1222526%14:24
4Ronnie AttardAdam Ginning12205%2:49
Power Play Forward
Line #Left WingCenterRight WingPHYDFOFWanted %Time %Time Play
1Max ComtoisTanner LaczynskiTyson Foerster12260100%0:12
2Elliot DesnoyersRhett GardnerOlle Lycksell122400%0:00
Power Play Defense
Line #DefenseDefensePHYDFOFWanted %Time %Time Play
1Ronnie AttardAdam Ginning12260100%0:12
2Victor MeteHelge Grans122400%0:00
Penalty Kill 4 Players Forward
Line #CenterWingPHYDFOFWanted %Time %Time Play
1Adam BrooksMax Comtois1226087%2:12
2Elliot DesnoyersTimur Ibragimov1224013%0:20
Penalty Kill 4 Players Defense
Line #DefenseDefensePHYDFOFWanted %Time %Time Play
1Jeremy GroleauAdam Ginning1226072%1:49
2Victor MeteHelge Grans1224028%0:43
Penalty Kill 3 Players
Line #WingPHYDFOFWanted %Time %Time PlayDefenseDefensePHYDFOFWanted %Time %Time Play
1Adam Brooks122600%0:00 Jeremy GroleauAdam Ginning122600%0:00
2Max Comtois122400%0:00 Victor MeteHelge Grans122400%0:00
4 vs 4 Forward
Line #CenterWingPHYDFOFWanted %Time %Time Play
1Tyson FoersterMax Comtois122600%0:00
2Elliot DesnoyersTimur Ibragimov122400%0:00
4 vs 4 Defense
Line #DefensePHYDFOFWanted %Time %Time Play
1Ronnie AttardAdam Ginning122600%0:00
2Victor MeteHelge Grans122400%0:00
Last Minutes Offensive
Left WingCenterRight WingDefenseDefense
Max ComtoisTanner LaczynskiTyson FoersterRonnie AttardAdam Ginning
Last Minutes Defensive
Left WingCenterRight WingDefenseDefense
Max ComtoisTanner LaczynskiTyson FoersterRonnie AttardAdam Ginning
Time
Total ForwardTotal DefenseLast Minutes OffensiveLast Minutes Defensive
60:00 60:00 1:040:00
Extra Forwards
Normal PowerPlayPenalty Kill
Tanner Laczynski, Malte Stromwall, Cooper MarodyTanner Laczynski, Malte StromwallCooper Marody
Extra Defensemen
Normal PowerPlayPenalty Kill
Jeremy Groleau, Will Zmolek, Victor MeteJeremy Groleau, Will ZmolekVictor Mete
Penalty Shots
Tyson Foerster, Max Comtois, Elliot Desnoyers, Timur Ibragimov, Olle Lycksell
Goalie
Felix Sandstrom, Cal Petersen
Custom OT Lines Forwards
Tyson Foerster, Max Comtois, Elliot Desnoyers, Tanner Laczynski, Olle Lycksell, Rhett Gardner, Malte Stromwall, Cooper Marody, Austin Rueschhoff, Adam Brooks
Custom OT Lines Defensemen
Ronnie Attard, Adam Ginning, Victor Mete, Helge Grans, Jeremy Groleau
Scratches
Emil Andrae (Healthy), Andrei Bakanov (Healthy), Tag Bertuzzi (Healthy), Brooklyn Kalmikov (Healthy), Mason Millman (Healthy) Logan Nijhoff (Healthy), Xavier Parent (Healthy), Zayde Wisdom (Healthy), Pavel Cajan (Healthy), Jack LaFontaine (Healthy)


Play-by-Play

1st period


0:01 of 1st period - Joe Snively wins face-off versus Tanner Laczynski in neutral zone.
0:52 of 1st period - Slapshot by Malte Stromwall.
0:52 of 1st period - Shot Blocked by Henrik Borgstrom.
0:54 of 1st period - Slapshot by Adam Ginning.
0:54 of 1st period - Stopped by Jon Gillies with a rebound.
0:56 of 1st period - Slapshot by Ronnie Attard.
0:56 of 1st period - Deflect By Malte Stromwall.
0:56 of 1st period - Shot Blocked by CJ Suess.
0:56 of 1st period - Puck is out of play.
0:57 of 1st period - Bobby Brink wins face-off versus Michael Sgarbossa in Hershey Bears zone.
1:22 of 1st period - CJ Suess is hit by Max Comtois and loses puck.
1:43 of 1st period - Snap shot by Ethen Frank.
1:43 of 1st period - Shot Blocked by Austin Rueschhoff.
1:51 of 1st period - Ivan Chukarov is hit by Austin Rueschhoff and loses puck.
2:17 of 1st period - Snap shot by Joe Snively.
2:17 of 1st period - Deflect By Victor Mete.
2:17 of 1st period - Shot Misses the Net.
2:17 of 1st period - Puck is out of play.
2:18 of 1st period - Bobby Brink wins face-off versus Henrik Borgstrom in Lehigh Valley Phantoms zone.
2:31 of 1st period - Slapshot by CJ Suess.
2:31 of 1st period - Shot Misses the Net.
3:45 of 1st period - Snap shot by Cooper Marody.
3:45 of 1st period - Shot Blocked by Lucas Johansen.
3:47 of 1st period - Snap shot by Cooper Marody.
3:47 of 1st period - Stopped by Jon Gillies with a rebound.
4:20 of 1st period - Wrist shot by Joe Snively.
4:20 of 1st period - Shot Misses the Net.
4:54 of 1st period - Snap shot by Joe Snively.
4:54 of 1st period - Shot Misses the Net.
5:06 of 1st period - Wrist shot by Joe Snively.
5:06 of 1st period - Stopped by Felix Sandstrom without a rebound.
5:07 of 1st period - Tanner Laczynski wins face-off versus Henrik Borgstrom in Lehigh Valley Phantoms zone.
5:49 of 1st period - Pierrick Dube is hit by Victor Mete and loses puck.
6:24 of 1st period - Snap shot by Henrik Borgstrom.
6:24 of 1st period - Shot Blocked by Olle Lycksell.
6:26 of 1st period - Wrist shot by CJ Suess.
6:26 of 1st period - Shot Misses the Net.
6:53 of 1st period - Wrist shot by Vincent Iorio.
6:53 of 1st period - Shot Blocked by Elliot Desnoyers.
6:55 of 1st period - Slapshot by Vincent Iorio.
6:55 of 1st period - Deflect By CJ Suess.
6:55 of 1st period - Stopped by Felix Sandstrom with a rebound.
6:57 of 1st period - Wrist shot by Henrik Borgstrom.
6:57 of 1st period - Stopped by Felix Sandstrom with a rebound.
6:59 of 1st period - Snap shot by Henrik Borgstrom.
6:59 of 1st period - Shot Misses the Net.
7:01 of 1st period - Snap shot by Henrik Borgstrom.
7:01 of 1st period - Shot Misses the Net.
7:03 of 1st period - Slapshot by Dylan McIlrath.
7:03 of 1st period - Shot Misses the Net.
7:21 of 1st period - Wrist shot by CJ Suess.
7:21 of 1st period - Shot Misses the Net.
7:25 of 1st period - Wrist shot by CJ Suess.
7:25 of 1st period - Stopped by Felix Sandstrom without a rebound.
7:26 of 1st period - Tanner Laczynski wins face-off versus Connor McMichael in Lehigh Valley Phantoms zone.
7:26 of 1st period - Tanner Laczynski is hit by Alex Limoges.
7:27 of 1st period - Tanner Laczynski from Lehigh Valley Phantoms is injured at 7:27 of 1st period (Bruised Left Arm).
7:28 of 1st period - Joe Snively wins face-off versus Malte Stromwall in Lehigh Valley Phantoms zone.
7:42 of 1st period - Wrist shot by Tyson Foerster.
7:42 of 1st period - Stopped by Jon Gillies with a rebound.
8:33 of 1st period - Victor Mete is hit by Dylan McIlrath and loses puck.
11:27 of 1st period - Snap shot by Malte Stromwall.
11:27 of 1st period - Shot Blocked by Lucas Johansen.
11:53 of 1st period - Wrist shot by Ethen Frank.
11:53 of 1st period - Shot Blocked by Max Comtois.
12:36 of 1st period - Vincent Iorio is hit by Austin Rueschhoff and loses puck.
12:57 of 1st period - Snap shot by Olle Lycksell.
12:57 of 1st period - Stopped by Jon Gillies with a rebound.
14:18 of 1st period - Evan Polei is hit by Cooper Marody and loses puck.
15:11 of 1st period - Snap shot by Max Comtois.
15:11 of 1st period - Shot Misses the Net.
15:21 of 1st period - Snap shot by Malte Stromwall.
15:21 of 1st period - Shot Blocked by Chase Priskie.
15:23 of 1st period - Wrist shot by Malte Stromwall.
15:23 of 1st period - Shot Blocked by CJ Suess.
15:57 of 1st period - Wrist shot by Connor McMichael.
15:57 of 1st period - Stopped by Felix Sandstrom without a rebound.
15:58 of 1st period - Connor McMichael wins face-off versus Timur Ibragimov in Lehigh Valley Phantoms zone.
16:05 of 1st period - Slapshot by Connor McMichael.
16:05 of 1st period - Shot Misses the Net.
16:07 of 1st period - Wrist shot by Dylan McIlrath.
16:07 of 1st period - Shot Misses the Net.
16:09 of 1st period - Wrist shot by Connor McMichael.
16:09 of 1st period - Deflect By Ethen Frank.
16:09 of 1st period - Shot Misses the Net.
16:09 of 1st period - Puck is out of play.
16:10 of 1st period - Malte Stromwall wins face-off versus Joe Snively in Lehigh Valley Phantoms zone.
16:17 of 1st period - Matthew Phillips is hit by Max Comtois and loses puck.
16:22 of 1st period - Snap shot by Tyson Foerster.
16:22 of 1st period - Shot Misses the Net.
16:29 of 1st period - Icing by Joe Snively.
16:30 of 1st period - Connor McMichael wins face-off versus Rhett Gardner in Hershey Bears zone.
16:55 of 1st period - Dylan McIlrath is hit by Adam Ginning and loses puck.
17:38 of 1st period - Slapshot by Joe Snively.
17:38 of 1st period - Stopped by Felix Sandstrom without a rebound.
17:39 of 1st period - Michael Sgarbossa wins face-off versus Rhett Gardner in Lehigh Valley Phantoms zone.
17:50 of 1st period - Snap shot by Michael Sgarbossa.
17:50 of 1st period - Stopped by Felix Sandstrom with a rebound.
18:06 of 1st period - Connor McMichael is hit by Max Comtois and loses puck.
18:13 of 1st period - Wrist shot by Max Comtois.
18:13 of 1st period - Stopped by Jon Gillies with a rebound.
18:35 of 1st period - Pierrick Dube is hit by Bobby Brink.
18:49 of 1st period - Henrik Borgstrom is hit by Elliot Desnoyers and loses puck.
18:56 of 1st period - Chase Priskie is hit by Rhett Gardner and loses puck.
19:00 of 1st period - Icing by Ivan Chukarov.
19:01 of 1st period - Henrik Borgstrom wins face-off versus Malte Stromwall in Hershey Bears zone.
19:06 of 1st period - Ronnie Attard is hit by CJ Suess and loses puck.
19:55 of 1st period - Off-side.
19:56 of 1st period - Connor McMichael wins face-off versus Malte Stromwall in neutral zone.
Goals for this period are 0 for Hershey Bears vs 0 for Lehigh Valley Phantoms.
Shots for this period are 7 for Hershey Bears vs 5 for Lehigh Valley Phantoms.

2nd period


0:01 of 2nd period - Joe Snively wins face-off versus Malte Stromwall in neutral zone.
0:08 of 2nd period - Matthew Phillips is hit by Max Comtois and loses puck.
0:29 of 2nd period - Snap shot by Cooper Marody.
0:29 of 2nd period - Shot Misses the Net.
0:34 of 2nd period - Off-side.
0:35 of 2nd period - Joe Snively wins face-off versus Bobby Brink in neutral zone.
1:08 of 2nd period - Off-side.
1:09 of 2nd period - Connor McMichael wins face-off versus Malte Stromwall in neutral zone.
1:12 of 2nd period - Wrist shot by Alex Limoges.
1:12 of 2nd period - Shot Misses the Net.
1:14 of 2nd period - Backhand shot by Dylan McIlrath.
1:14 of 2nd period - Shot Blocked by Ronnie Attard.
1:39 of 2nd period - Slapshot by Joe Snively.
1:39 of 2nd period - Stopped by Felix Sandstrom without a rebound.
1:40 of 2nd period - Rhett Gardner wins face-off versus Matthew Phillips in Lehigh Valley Phantoms zone.
1:51 of 2nd period - Wrist shot by Olle Lycksell.
1:51 of 2nd period - Shot Misses the Net.
1:53 of 2nd period - Wrist shot by Rhett Gardner.
1:53 of 2nd period - Goal by Rhett Gardner - Hershey Bears : 0 - Lehigh Valley Phantoms : 1.
1:54 of 2nd period - Malte Stromwall wins face-off versus Joe Snively in neutral zone.
2:03 of 2nd period - Slapshot by Joe Snively.
2:03 of 2nd period - Shot Misses the Net.
2:34 of 2nd period - Snap shot by Olle Lycksell.
2:34 of 2nd period - Shot Misses the Net.
2:36 of 2nd period - Slapshot by Rhett Gardner.
2:36 of 2nd period - Shot Misses the Net.
3:29 of 2nd period - Ivan Chukarov is hit by Rhett Gardner and loses puck.
3:48 of 2nd period - Malte Stromwall is hit by Alex Limoges and loses puck.
4:35 of 2nd period - Wrist shot by Alex Limoges.
4:35 of 2nd period - Stopped by Felix Sandstrom with a rebound.
4:37 of 2nd period - Slapshot by Dylan McIlrath.
4:37 of 2nd period - Deflect By Ethen Frank.
4:37 of 2nd period - Shot Misses the Net.
4:37 of 2nd period - Puck is out of play.
4:38 of 2nd period - Cooper Marody wins face-off versus Connor McMichael in Lehigh Valley Phantoms zone.
4:45 of 2nd period - Wrist shot by Max Comtois.
4:45 of 2nd period - Shot Misses the Net.
4:53 of 2nd period - Snap shot by Tyson Foerster.
4:53 of 2nd period - Shot Misses the Net.
5:16 of 2nd period - Wrist shot by Pierrick Dube.
5:16 of 2nd period - Stopped by Felix Sandstrom without a rebound.
5:17 of 2nd period - Joe Snively wins face-off versus Timur Ibragimov in Lehigh Valley Phantoms zone.
5:18 of 2nd period - Snap shot by Matthew Phillips.
5:18 of 2nd period - Stopped by Felix Sandstrom with a rebound.
5:20 of 2nd period - Snap shot by Matthew Phillips.
5:20 of 2nd period - Stopped by Felix Sandstrom without a rebound.
5:21 of 2nd period - Joe Snively wins face-off versus Malte Stromwall in Lehigh Valley Phantoms zone.
6:38 of 2nd period - Snap shot by CJ Suess.
6:38 of 2nd period - Deflect By Henrik Borgstrom.
6:38 of 2nd period - Shot Blocked by Helge Grans.
6:38 of 2nd period - Puck is out of play.
6:39 of 2nd period - Connor McMichael wins face-off versus Malte Stromwall in Lehigh Valley Phantoms zone.
6:40 of 2nd period - Snap shot by Alex Limoges.
6:40 of 2nd period - Shot Misses the Net.
6:42 of 2nd period - Slapshot by Connor McMichael.
6:42 of 2nd period - Stopped by Felix Sandstrom with a rebound.
6:48 of 2nd period - Slapshot by Alex Limoges.
6:48 of 2nd period - Shot Misses the Net.
6:50 of 2nd period - Slapshot by Connor McMichael.
6:50 of 2nd period - Goal by Connor McMichael - Hershey Bears : 1 - Lehigh Valley Phantoms : 1.
6:51 of 2nd period - Joe Snively wins face-off versus Timur Ibragimov in neutral zone.
7:16 of 2nd period - Vincent Iorio is hit by Max Comtois and loses puck.
7:25 of 2nd period - Slapshot by Tyson Foerster.
7:25 of 2nd period - Shot Misses the Net.
7:47 of 2nd period - Wrist shot by CJ Suess.
7:47 of 2nd period - Goal by CJ Suess - Hershey Bears : 2 - Lehigh Valley Phantoms : 1.
7:48 of 2nd period - Adam Cracknell wins face-off versus Timur Ibragimov in neutral zone.
8:22 of 2nd period - Slapshot by Tyson Foerster.
8:22 of 2nd period - Stopped by Jon Gillies with a rebound.
8:24 of 2nd period - Slapshot by Adam Ginning.
8:24 of 2nd period - Stopped by Jon Gillies with a rebound.
8:26 of 2nd period - Slapshot by Ronnie Attard.
8:26 of 2nd period - Deflect By Tyson Foerster.
8:26 of 2nd period - Stopped by Jon Gillies with a rebound.
8:38 of 2nd period - Snap shot by Ethen Frank.
8:38 of 2nd period - Stopped by Felix Sandstrom with a rebound.
9:02 of 2nd period - Snap shot by Bobby Brink.
9:02 of 2nd period - Stopped by Jon Gillies without a rebound.
9:03 of 2nd period - Bobby Brink wins face-off versus Joe Snively in Hershey Bears zone.
9:06 of 2nd period - Snap shot by Cooper Marody.
9:06 of 2nd period - Stopped by Jon Gillies without a rebound.
9:07 of 2nd period - Malte Stromwall wins face-off versus Joe Snively in Hershey Bears zone.
9:08 of 2nd period - Snap shot by Tyson Foerster.
9:08 of 2nd period - Stopped by Jon Gillies with a rebound.
9:10 of 2nd period - Wrist shot by Max Comtois.
9:10 of 2nd period - Stopped by Jon Gillies with a rebound.
9:12 of 2nd period - Slapshot by Jeremy Groleau.
9:12 of 2nd period - Stopped by Jon Gillies without a rebound.
9:13 of 2nd period - Joe Snively wins face-off versus Malte Stromwall in Hershey Bears zone.
9:44 of 2nd period - Wrist shot by Elliot Desnoyers.
9:44 of 2nd period - Stopped by Jon Gillies with a rebound.
9:46 of 2nd period - Wrist shot by Ronnie Attard.
9:46 of 2nd period - Deflect By Elliot Desnoyers.
9:46 of 2nd period - Shot Misses the Net.
9:46 of 2nd period - Puck is out of play.
9:47 of 2nd period - Connor McMichael wins face-off versus Rhett Gardner in Hershey Bears zone.
10:41 of 2nd period - Slapshot by Joe Snively.
10:41 of 2nd period - Deflect By Max Comtois.
10:41 of 2nd period - Shot Misses the Net.
10:41 of 2nd period - Puck is out of play.
10:42 of 2nd period - Connor McMichael wins face-off versus Malte Stromwall in Lehigh Valley Phantoms zone.
10:43 of 2nd period - Slapshot by Alex Limoges.
10:43 of 2nd period - Shot Misses the Net.
11:53 of 2nd period - Slapshot by Alex Limoges.
11:53 of 2nd period - Stopped by Felix Sandstrom with a rebound.
11:55 of 2nd period - Slapshot by Dylan McIlrath.
11:55 of 2nd period - Deflect By Connor McMichael.
11:55 of 2nd period - Shot Misses the Net.
11:55 of 2nd period - Puck is out of play.
11:56 of 2nd period - Malte Stromwall wins face-off versus Connor McMichael in Lehigh Valley Phantoms zone.
11:56 of 2nd period - Malte Stromwall is hit by Alex Limoges.
11:59 of 2nd period - Minor Penalty to Malte Stromwall for Holding.
12:00 of 2nd period - Joe Snively wins face-off versus Adam Brooks in Lehigh Valley Phantoms zone.
12:45 of 2nd period - Wrist shot by Elliot Desnoyers.
12:45 of 2nd period - Stopped by Jon Gillies with a rebound.
13:33 of 2nd period - Elliot Desnoyers is hit by Matthew Phillips and loses puck.
13:59 of 2nd period - Penalty to Malte Stromwall is over, Malte Stromwall is back on ice.
14:03 of 2nd period - Icing by Cooper Marody.
14:04 of 2nd period - Henrik Borgstrom wins face-off versus Timur Ibragimov in Lehigh Valley Phantoms zone.
14:05 of 2nd period - Wrist shot by CJ Suess.
14:05 of 2nd period - Shot Blocked by Victor Mete.
14:19 of 2nd period - Snap shot by Victor Mete.
14:19 of 2nd period - Stopped by Jon Gillies with a rebound.
14:31 of 2nd period - Wrist shot by Olle Lycksell.
14:31 of 2nd period - Deflect By Elliot Desnoyers.
14:31 of 2nd period - Shot Misses the Net.
14:31 of 2nd period - Puck is out of play.
14:32 of 2nd period - Rhett Gardner wins face-off versus Michael Sgarbossa in Hershey Bears zone.
14:33 of 2nd period - Snap shot by Olle Lycksell.
14:33 of 2nd period - Stopped by Jon Gillies with a rebound.
14:35 of 2nd period - Wrist shot by Rhett Gardner.
14:35 of 2nd period - Shot Misses the Net.
14:37 of 2nd period - Snap shot by Elliot Desnoyers.
14:37 of 2nd period - Stopped by Jon Gillies without a rebound.
14:38 of 2nd period - Connor McMichael wins face-off versus Malte Stromwall in Hershey Bears zone.
14:38 of 2nd period - Connor McMichael is hit by Tyson Foerster.
14:45 of 2nd period - Minor Penalty to Max Comtois for Slashing.
14:46 of 2nd period - Adam Brooks wins face-off versus Joe Snively in Lehigh Valley Phantoms zone.
15:14 of 2nd period - Slapshot by Dylan McIlrath.
15:14 of 2nd period - Deflect By Adam Ginning.
15:14 of 2nd period - Stopped by Felix Sandstrom with a rebound.
15:16 of 2nd period - Wrist shot by Connor McMichael.
15:16 of 2nd period - Shot Blocked by Adam Ginning.
15:18 of 2nd period - Slapshot by Dylan McIlrath.
15:18 of 2nd period - Goal by Dylan McIlrath - Hershey Bears : 3 - Lehigh Valley Phantoms : 1.
15:19 of 2nd period - Joe Snively wins face-off versus Tyson Foerster in neutral zone.
15:24 of 2nd period - Backhand shot by Joe Snively.
15:24 of 2nd period - Deflect By Adam Cracknell.
15:24 of 2nd period - Shot Misses the Net.
15:24 of 2nd period - Puck is out of play.
15:25 of 2nd period - Joe Snively wins face-off versus Malte Stromwall in Lehigh Valley Phantoms zone.
15:40 of 2nd period - Slapshot by Adam Ginning.
15:40 of 2nd period - Shot Misses the Net.
15:42 of 2nd period - Slapshot by Tyson Foerster.
15:42 of 2nd period - Stopped by Jon Gillies with a rebound.
15:52 of 2nd period - Wrist shot by Alex Limoges.
15:52 of 2nd period - Stopped by Felix Sandstrom with a rebound.
15:54 of 2nd period - Wrist shot by Connor McMichael.
15:54 of 2nd period - Shot Misses the Net.
15:56 of 2nd period - Slapshot by Dylan McIlrath.
15:56 of 2nd period - Stopped by Felix Sandstrom with a rebound.
15:58 of 2nd period - Snap shot by Ethen Frank.
15:58 of 2nd period - Deflect By Connor McMichael.
15:58 of 2nd period - Stopped by Felix Sandstrom with a rebound.
16:20 of 2nd period - Wrist shot by Henrik Borgstrom.
16:20 of 2nd period - Shot Blocked by Adam Ginning.
16:22 of 2nd period - Wrist shot by CJ Suess.
16:22 of 2nd period - Stopped by Felix Sandstrom with a rebound.
16:24 of 2nd period - Slapshot by Lucas Johansen.
16:24 of 2nd period - Deflect By Henrik Borgstrom.
16:24 of 2nd period - Stopped by Felix Sandstrom without a rebound.
16:25 of 2nd period - Joe Snively wins face-off versus Malte Stromwall in Lehigh Valley Phantoms zone.
16:32 of 2nd period - Snap shot by Matthew Phillips.
16:32 of 2nd period - Stopped by Felix Sandstrom without a rebound.
16:33 of 2nd period - Joe Snively wins face-off versus Malte Stromwall in Lehigh Valley Phantoms zone.
16:36 of 2nd period - Wrist shot by Matthew Phillips.
16:36 of 2nd period - Shot Blocked by Malte Stromwall.
16:38 of 2nd period - Slapshot by Ivan Chukarov.
16:38 of 2nd period - Shot Blocked by Jeremy Groleau.
16:40 of 2nd period - Snap shot by Joe Snively.
16:40 of 2nd period - Stopped by Felix Sandstrom without a rebound.
16:41 of 2nd period - Joe Snively wins face-off versus Malte Stromwall in Lehigh Valley Phantoms zone.
17:15 of 2nd period - Slapshot by Joe Snively.
17:15 of 2nd period - Shot Misses the Net.
17:31 of 2nd period - Snap shot by Joe Snively.
17:31 of 2nd period - Shot Blocked by Adam Brooks.
17:37 of 2nd period - Slapshot by Matthew Phillips.
17:37 of 2nd period - Shot Blocked by Cooper Marody.
17:39 of 2nd period - Wrist shot by Joe Snively.
17:39 of 2nd period - Stopped by Felix Sandstrom without a rebound.
17:40 of 2nd period - Connor McMichael wins face-off versus Austin Rueschhoff in Lehigh Valley Phantoms zone.
17:53 of 2nd period - Adam Ginning is hit by Alex Limoges and loses puck.
18:30 of 2nd period - Wrist shot by Olle Lycksell.
18:30 of 2nd period - Shot Misses the Net.
18:44 of 2nd period - Slapshot by Joe Snively.
18:44 of 2nd period - Stopped by Felix Sandstrom without a rebound.
18:45 of 2nd period - Malte Stromwall wins face-off versus Connor McMichael in Lehigh Valley Phantoms zone.
18:58 of 2nd period - Snap shot by Tyson Foerster.
18:58 of 2nd period - Shot Misses the Net.
19:00 of 2nd period - Minor Penalty to Kristians Rubins for Hooking.
19:01 of 2nd period - Malte Stromwall wins face-off versus Joe Snively in Hershey Bears zone.
19:05 of 2nd period - Wrist shot by Malte Stromwall.
19:05 of 2nd period - Deflect By Tyson Foerster.
19:05 of 2nd period - Shot Misses the Net.
19:05 of 2nd period - Puck is out of play.
19:06 of 2nd period - Joe Snively wins face-off versus Max Comtois in Hershey Bears zone.
19:06 of 2nd period - Joe Snively is hit by Max Comtois.
19:12 of 2nd period - Wrist shot by Tyson Foerster.
19:12 of 2nd period - Goal by Tyson Foerster - Hershey Bears : 3 - Lehigh Valley Phantoms : 2.
19:13 of 2nd period - Timur Ibragimov wins face-off versus Ethen Frank in neutral zone.
19:38 of 2nd period - Adam Ginning is hit by Adam Cracknell.
19:42 of 2nd period - Ronnie Attard is hit by Joe Snively and loses puck.
19:47 of 2nd period - Wrist shot by Joe Snively.
19:47 of 2nd period - Goal by Joe Snively - Hershey Bears : 4 - Lehigh Valley Phantoms : 2.
19:48 of 2nd period - Connor McMichael wins face-off versus Max Comtois in neutral zone.
19:51 of 2nd period - Malte Stromwall is hit by Connor McMichael and loses puck.
Goals for this period are 4 for Hershey Bears vs 2 for Lehigh Valley Phantoms.
Shots for this period are 22 for Hershey Bears vs 16 for Lehigh Valley Phantoms.

3rd period


0:01 of 3rd period - Henrik Borgstrom wins face-off versus Timur Ibragimov in neutral zone.
0:26 of 3rd period - Elliot Desnoyers is hit by Joe Snively and loses puck.
0:56 of 3rd period - Icing by Jeremy Groleau.
0:57 of 3rd period - Malte Stromwall wins face-off versus Joe Snively in Lehigh Valley Phantoms zone.
0:57 of 3rd period - Malte Stromwall is hit by Dylan McIlrath.
1:31 of 3rd period - Snap shot by Alex Limoges.
1:31 of 3rd period - Shot Blocked by Elliot Desnoyers.
1:33 of 3rd period - Wrist shot by Alex Limoges.
1:33 of 3rd period - Shot Blocked by Jeremy Groleau.
1:45 of 3rd period - Snap shot by Cooper Marody.
1:45 of 3rd period - Goal by Cooper Marody - Hershey Bears : 4 - Lehigh Valley Phantoms : 3.
1:46 of 3rd period - Henrik Borgstrom wins face-off versus Timur Ibragimov in neutral zone.
1:57 of 3rd period - Snap shot by Pierrick Dube.
1:57 of 3rd period - Stopped by Felix Sandstrom with a rebound.
1:59 of 3rd period - Snap shot by Pierrick Dube.
1:59 of 3rd period - Stopped by Felix Sandstrom without a rebound.
2:00 of 3rd period - Malte Stromwall wins face-off versus Joe Snively in Lehigh Valley Phantoms zone.
2:18 of 3rd period - Icing by Lucas Johansen.
2:19 of 3rd period - Joe Snively wins face-off versus Rhett Gardner in Hershey Bears zone.
2:45 of 3rd period - Lucas Johansen is hit by Adam Ginning and loses puck.
4:15 of 3rd period - Snap shot by Dylan McIlrath.
4:15 of 3rd period - Stopped by Felix Sandstrom with a rebound.
5:26 of 3rd period - Jeremy Groleau is hit by CJ Suess and loses puck.
6:39 of 3rd period - Matthew Phillips is hit by Rhett Gardner and loses puck.
6:50 of 3rd period - Vincent Iorio is hit by Victor Mete and loses puck.
7:05 of 3rd period - Lucas Johansen is hit by Tyson Foerster and loses puck.
7:17 of 3rd period - Chase Priskie is hit by Victor Mete and loses puck.
7:30 of 3rd period - Wrist shot by Elliot Desnoyers.
7:30 of 3rd period - Stopped by Jon Gillies without a rebound.
7:31 of 3rd period - Rhett Gardner wins face-off versus Henrik Borgstrom in Hershey Bears zone.
7:56 of 3rd period - Slapshot by Malte Stromwall.
7:56 of 3rd period - Shot Blocked by Ethen Frank.
7:58 of 3rd period - Wrist shot by Austin Rueschhoff.
7:58 of 3rd period - Shot Misses the Net.
8:40 of 3rd period - Adam Cracknell is hit by Malte Stromwall and loses puck.
9:01 of 3rd period - Wrist shot by Elliot Desnoyers.
9:01 of 3rd period - Stopped by Jon Gillies with a rebound.
9:03 of 3rd period - Slapshot by Victor Mete.
9:03 of 3rd period - Deflect By Elliot Desnoyers.
9:03 of 3rd period - Shot Misses the Net.
9:03 of 3rd period - Puck is out of play.
9:04 of 3rd period - Connor McMichael wins face-off versus Malte Stromwall in Hershey Bears zone.
9:04 of 3rd period - Connor McMichael is hit by Max Comtois.
9:14 of 3rd period - Ethen Frank is hit by Adam Ginning and loses puck.
9:23 of 3rd period - Tyson Foerster is hit by Dylan McIlrath.
9:31 of 3rd period - Off-side.
9:32 of 3rd period - Rhett Gardner wins face-off versus Henrik Borgstrom in neutral zone.
9:37 of 3rd period - Slapshot by Victor Mete.
9:37 of 3rd period - Stopped by Jon Gillies with a rebound.
9:39 of 3rd period - Wrist shot by Olle Lycksell.
9:39 of 3rd period - Stopped by Jon Gillies with a rebound.
9:41 of 3rd period - Snap shot by Rhett Gardner.
9:41 of 3rd period - Shot Blocked by Pierrick Dube.
9:47 of 3rd period - Wrist shot by Elliot Desnoyers.
9:47 of 3rd period - Shot Misses the Net.
9:54 of 3rd period - Icing by Ivan Chukarov.
9:55 of 3rd period - Joe Snively wins face-off versus Bobby Brink in Hershey Bears zone.
10:02 of 3rd period - Wrist shot by Cooper Marody.
10:02 of 3rd period - Stopped by Jon Gillies with a rebound.
10:22 of 3rd period - Snap shot by Pierrick Dube.
10:22 of 3rd period - Shot Blocked by Ronnie Attard.
10:24 of 3rd period - Slapshot by Ivan Chukarov.
10:24 of 3rd period - Shot Blocked by Ronnie Attard.
10:30 of 3rd period - Snap shot by Henrik Borgstrom.
10:30 of 3rd period - Stopped by Felix Sandstrom with a rebound.
10:42 of 3rd period - Snap shot by Max Comtois.
10:42 of 3rd period - Stopped by Jon Gillies with a rebound.
10:44 of 3rd period - Snap shot by Tyson Foerster.
10:44 of 3rd period - Stopped by Jon Gillies with a rebound.
11:35 of 3rd period - Slapshot by Victor Mete.
11:35 of 3rd period - Shot Misses the Net.
11:37 of 3rd period - Slapshot by Helge Grans.
11:37 of 3rd period - Shot Blocked by CJ Suess.
11:58 of 3rd period - Icing by Dylan McIlrath.
11:59 of 3rd period - Rhett Gardner wins face-off versus Joe Snively in Hershey Bears zone.
12:00 of 3rd period - Wrist shot by Elliot Desnoyers.
12:00 of 3rd period - Stopped by Jon Gillies with a rebound.
12:02 of 3rd period - Slapshot by Will Zmolek.
12:02 of 3rd period - Deflect By Elliot Desnoyers.
12:02 of 3rd period - Shot Blocked by Adam Cracknell.
12:02 of 3rd period - Puck is out of play.
12:03 of 3rd period - Rhett Gardner wins face-off versus Adam Cracknell in Hershey Bears zone.
12:04 of 3rd period - Wrist shot by Olle Lycksell.
12:04 of 3rd period - Stopped by Jon Gillies without a rebound.
12:05 of 3rd period - Rhett Gardner wins face-off versus Joe Snively in Hershey Bears zone.
12:12 of 3rd period - Wrist shot by Olle Lycksell.
12:12 of 3rd period - Stopped by Jon Gillies with a rebound.
12:14 of 3rd period - Wrist shot by Olle Lycksell.
12:14 of 3rd period - Shot Misses the Net.
12:24 of 3rd period - Wrist shot by Olle Lycksell.
12:24 of 3rd period - Stopped by Jon Gillies with a rebound.
12:26 of 3rd period - Snap shot by Will Zmolek.
12:26 of 3rd period - Stopped by Jon Gillies with a rebound.
12:28 of 3rd period - Slapshot by Rhett Gardner.
12:28 of 3rd period - Shot Blocked by Adam Cracknell.
12:30 of 3rd period - Wrist shot by Elliot Desnoyers.
12:30 of 3rd period - Shot Blocked by Lucas Johansen.
12:32 of 3rd period - Snap shot by Jeremy Groleau.
12:32 of 3rd period - Stopped by Jon Gillies with a rebound.
12:38 of 3rd period - Wrist shot by Olle Lycksell.
12:38 of 3rd period - Shot Misses the Net.
12:40 of 3rd period - Wrist shot by Will Zmolek.
12:40 of 3rd period - Shot Blocked by Adam Cracknell.
12:42 of 3rd period - Snap shot by Olle Lycksell.
12:42 of 3rd period - Stopped by Jon Gillies with a rebound.
12:46 of 3rd period - Snap shot by Elliot Desnoyers.
12:46 of 3rd period - Shot Misses the Net.
12:48 of 3rd period - Wrist shot by Jeremy Groleau.
12:48 of 3rd period - Shot Blocked by Joe Snively.
12:50 of 3rd period - Backhand shot by Olle Lycksell.
12:50 of 3rd period - Shot Misses the Net.
12:52 of 3rd period - Snap shot by Rhett Gardner.
12:52 of 3rd period - Shot Misses the Net.
13:14 of 3rd period - Wrist shot by Olle Lycksell.
13:14 of 3rd period - Shot Misses the Net.
13:16 of 3rd period - Slapshot by Will Zmolek.
13:16 of 3rd period - Shot Misses the Net.
13:36 of 3rd period - Slapshot by Joe Snively.
13:36 of 3rd period - Stopped by Felix Sandstrom with a rebound.
13:44 of 3rd period - Snap shot by Olle Lycksell.
13:44 of 3rd period - Stopped by Jon Gillies with a rebound.
13:46 of 3rd period - Slapshot by Rhett Gardner.
13:46 of 3rd period - Deflect By Matthew Phillips.
13:46 of 3rd period - Shot Misses the Net.
13:46 of 3rd period - Puck is out of play.
13:47 of 3rd period - Malte Stromwall wins face-off versus Henrik Borgstrom in Hershey Bears zone.
13:52 of 3rd period - Snap shot by Max Comtois.
13:52 of 3rd period - Shot Misses the Net.
13:54 of 3rd period - Wrist shot by Max Comtois.
13:54 of 3rd period - Shot Misses the Net.
17:11 of 3rd period - Vincent Iorio is hit by Elliot Desnoyers and loses puck.
17:34 of 3rd period - Alex Limoges is hit by Austin Rueschhoff and loses puck.
18:39 of 3rd period - Icing by Ivan Chukarov.
18:40 of 3rd period - Rhett Gardner wins face-off versus Henrik Borgstrom in Hershey Bears zone.
18:49 of 3rd period - Olle Lycksell is hit by Matthew Phillips and loses puck.
18:59 of 3rd period - Icing by Chase Priskie.
19:00 of 3rd period - Joe Snively wins face-off versus Malte Stromwall in Hershey Bears zone.
19:05 of 3rd period - Joe Snively is hit by Adam Ginning.
19:13 of 3rd period - Vincent Iorio is hit by Tyson Foerster and loses puck.
19:16 of 3rd period - Lehigh Valley Phantoms, Felix Sandstrom is pulled from the net.
Goals for this period are 0 for Hershey Bears vs 1 for Lehigh Valley Phantoms.
Shots for this period are 5 for Hershey Bears vs 16 for Lehigh Valley Phantoms.